 Dungeon Crawl Stone Soup version 0.30.1-11-g7821555f0a (webtiles) character file.

Game seed: 3148690289801834581

29 KittyFluff the Trooper (level 3, 0/23 HPs)
             Began as a Gargoyle Berserker on Nov 11, 2023.
             Was a Follower of Trog.
             Slain by a worm (5 damage)
             ... on level 2 of the Dungeon.
             The game lasted 00:02:40 (760 turns).

KittyFluff the Trooper (Gargoyle Berserker)          Turns: 760, Time: 00:02:41

Health: 0/23       AC:  5    Str: 22    XL:     3   Next: 16%
Magic:  3/3        EV: 12    Int:  7    God:    Trog [*.....]
Gold:   92         SH:  0    Dex:  9    Spells: 2/2 levels left

rFire   . . .        a - +0 mace
rCold   . . .        (no shield)
rNeg    + . .        b - +0 animal skin
rPois   ∞            (no helmet)
rElec   +            (no cloak)
rCorr   .            (no gloves)
SInv    .            (no boots)
Will    .....        (no amulet)
Stlth   +            (no ring)
HPRegen 0.23/turn    (no ring)
MPRegen 0.08/turn

%: no passive effects
@: no status effects
A: sickness immunity, AC +3, negative energy resistance 1, electricity
resistance, torment resistance 1, petrification resistance
a: Renounce Religion, Berserk


You were on level 2 of the Dungeon.
You worshipped Trog.
Trog was aware of your devotion.
You visited 1 branch of the dungeon, and saw 2 of its levels.

You collected 92 gold pieces.

Inventory:

Hand Weapons
 a - a +0 mace (weapon)
Armour
 b - a +0 animal skin (worn)
 d - a scarf of shadows
Scrolls
 c - a scroll of immolation {unknown}
 e - 3 scrolls of teleportation {unknown}


   Skills:
 + Level 3.4 Fighting
 * Level 3.4 Maces & Flails
 * Level 2.8 Armour
 + Level 1.7 Dodging
 + Level 0.9 Stealth


You had 2 spell levels left.
You didn't know any spells.
Your spell library was empty.

Dungeon Overview and Level Annotations

Branches:
Dungeon (2/15)

Altars:


Innate Abilities, Weirdness & Mutations

You are immune to sickness and miasma.
Your stone body is resilient. (AC +3)
You are immune to poison.
You resist negative energy. (rN+)
You are resistant to electric shocks. (rElec)
You are resistant to unholy torment.
You are immune to petrification.


Message History

e - 3 scrolls labelled GUJIONW NADOKK The frilled lizard barely misses you.
You hit the frilled lizard.
You kill the frilled lizard!
Trog accepts your kill.
You see here a frilled lizard corpse.
There is a stone staircase leading up here.
An adder comes into view.
The adder hisses angrily.
The adder bites you.
You barely miss the adder. The adder misses you. The adder bites you.
You hit the adder.
The adder is lightly wounded.
The adder closely misses you.
You barely miss the adder.
The adder is lightly wounded.
The adder bites you. The adder barely misses you.
You hit the adder.
The adder is moderately wounded.
The adder bites you but does no damage. The adder closely misses you.
You sock the adder!
You kill the adder!
Trog accepts your kill.
You have reached level 3!
Your experience leads to an increase in your attributes!
Increase (S)trength, (I)ntelligence, or (D)exterity?
You feel stronger. x2
A worm comes into view.
Found 10 gold pieces.
The worm bites you!
You hit the worm.
The worm is moderately wounded.
You sock the worm!
The worm is almost dead.
The worm bites you.
* * * LOW HITPOINT WARNING * * *
You hit the worm.
The worm is almost dead.
The worm bites you.
You die...

#...........#
#...........#
#...........#
#...........#
#...........#
#######....## .
#....#
....#######....#
......w@.......#
#..............#
#..............#
#...........####
#...........#
#...........#
#......$....#
#...........#


You could see a worm.

Vanquished Creatures
  An adder (D:2)
  3 ball pythons (D:1)
  2 endoplasms (D:1)
  3 goblins (D:1)
  A hobgoblin (D:1)
  3 quokkas (D:1)
  A bat (D:1)
  A frilled lizard (D:2)
  2 kobolds (D:1)
  2 rats (D:1)
19 creatures vanquished.

Notes
Turn   | Place    | Note
-------+----------+-------------------------------------------
     0 | D:1      | KittyFluff the Gargoyle Berserker began the quest for the
                  | Orb.
     0 | D:1      | Reached XP level 1. HP: 14/14 MP: 1/1
   150 | D:1      | Reached XP level 2. HP: 17/19 MP: 2/2
   751 | D:2      | Reached XP level 3. HP: 15/23 MP: 3/3
   760 | D:2      | Slain by a worm

Illustrated notes

Levels and vault maps discovered:
D:1:      minmay_arrival_five_plusses, layout_loops_ring, minmay_3d_cube
D:2:      layout_basic, serial_undead, serial_undead_f, serial_undead_a,
          serial_undead_f, serial_undead_b, uniq_sigmund

Action                     || total
---------------------------++-------
  Melee: Mace              ||    51
 Armour: Animal skin       ||    11
  Dodge: Dodged            ||    32
